 Dungeon Crawl Stone Soup version 0.26-a0-720-g2a1d101370 (webtiles) character file.

Game seed: 2746920250596236162

102 soggyman666 the Ruffian (level 4, 44/44 HPs)
             Began as a Troll Berserker on Nov 3, 2020.
             Was a Believer of Trog.
             Quit the game on level 3 of the Dungeon.
             The game lasted 00:03:11 (1985 turns).

soggyman666 the Ruffian (Troll Berserker)           Turns: 1985, Time: 00:03:11

Health: 44/44      AC:  6    Str: 26    XL:     4   Next: 49%
Magic:  3/3        EV: 10    Int:  3    God:    Trog [**....]
Gold:   148        SH:  0    Dex:  9    Spells: 3/3 levels left

rFire    . . .     SeeInvis .     - Unarmed
rCold    . . .     Faith    .   (no shield)
rNeg     . . .     Spirit   .   a - +0 animal skin
rPois    .         Reflect  .   (helmet restricted)
rElec    .         Harm     .   (no cloak)
rCorr    .         Rampage  .   (gloves unavailable)
MR       .....                  (boots unavailable)
Stlth    +.........             (no amulet)
HPRegen  0.54/turn              (no ring)
MPRegen  0.08/turn              (no ring)

@: no status effects
A: large, unfitting armour, claws 3, regeneration 1, shaggy fur 1, tough skin 3
a: Berserk, Trog's Hand, Renounce Religion


You were on level 3 of the Dungeon.
You worshipped Trog.
Trog was pleased with you.
You visited 1 branch of the dungeon, and saw 3 of its levels.

You collected 148 gold pieces.

Inventory:

Armour
 a - a +0 animal skin (worn)
Scrolls
 e - a scroll of remove curse {unknown}
 f - a scroll of teleportation
 h - a scroll of immolation {unknown}
Potions
 b - 2 potions of curing
 c - a potion of might {unknown}
 d - a potion of degeneration {unknown}
 g - a potion of mutation {unknown}


   Skills:
 + Level 2.9 Fighting
 + Level 3.0 Dodging
 + Level 4.4 Unarmed Combat


You had 3 spell levels left.
You didn't know any spells.
Your spell library was empty.

Dungeon Overview and Level Annotations

Branches:
Dungeon (3/15)

Altars:
Okawaru
Ru
Yredelemnul


Innate Abilities, Weirdness & Mutations

You are too large for most types of armour.
You have claws for hands.
Your natural rate of healing is unusually fast.
You are covered in fur. (AC +1)
You have extremely tough skin. (AC +3)


Message History

Unknown command.
Unknown command.
Unknown command.
Unknown command.
Unknown command.
Unknown command.
Unknown command.
Unknown command.
Unknown command.
Unknown command.
Unknown command.
Unknown command.
Unknown command.
Unknown command.
Unknown command.
Saving game... please wait.
Welcome back, soggyman666 the Troll Berserker.
Trog says: Kill them all!
Press ? for a list of commands and other information.
Are you sure you want to abandon this character and quit the game? (Confirm with "yes".)

#### ### #
#..#...
##.#.#..#.#
.....[..>.#
#.@..#
#....#
......#
####...#
....# #..##
#..# ....


There were no monsters in sight!

Vanquished Creatures
  3 gnolls (D:2)
  3 adders (D:2)
  A worm (D:2)
  2 dart slugs (D:2)
  A giant cockroach (D:2)
  4 jackals (D:1)
  A quokka (D:2)
  6 bats
  3 frilled lizards (D:2)
  8 goblins
  3 kobolds
  7 rats
  A spectral orc (D:2)
43 creatures vanquished.

Notes
Turn   | Place    | Note
-------+----------+-------------------------------------------
     0 | D:1      | soggyman666 the Troll Berserker began the quest for the
                  | Orb.
     0 | D:1      | Reached XP level 1. HP: 22/22 MP: 0/0
    63 | D:1      | Reached XP level 2. HP: 29/29 MP: 1/1
  1131 | D:2      | Reached ** piety under Trog
  1205 | D:2      | Reached XP level 3. HP: 32/36 MP: 2/2
  1365 | D:2      | Reached skill level 4 in Unarmed Combat
  1401 | D:2      | Reached XP level 4. HP: 42/44 MP: 3/3
  1467 | D:2      | Found a sacrificial altar of Ru.
  1471 | D:2      | Found an iron altar of Okawaru.
  1851 | D:2      | Found a basalt altar of Yredelemnul.
  1985 | D:3      | Quit the game

Illustrated notes

Levels and vault maps discovered:
D:1:      dpeg_arrival_windows_large_door, layout_basic
D:2:      layout_basic, yredelemnul_forgotten_temple_becter,
          nicolae_overflow_hidden_temple, kennysheep_okawaru_gauntlet
D:3:      layout_basic, grunt_temple_overflow_lords_of_destruction,
          old_standard_altar, mrwooster_statue_mirror, uniq_grinder,
          uniq_sigmund, uniq_terence

Skill      XL: |  1  2  3 |
---------------+----------+-----
Dodging        | 3 |  3.0
Unarmed Combat | 4 |  4.4
Fighting       | |  2.9

Action                   |  1- 3 |  4- 6 || total
-------------------------+-------+-------++-------
Melee: Unarmed           |    98 |    29 ||   127
       Punch             |     1 |       ||     1
  Use: Scroll            |       |     4 ||     4
Armor: Animal skin       |    37 |    20 ||    57
Dodge: Dodged            |    51 |    23 ||    74

Table legend: (Time is in decaauts)
 A = Elapsed time spent in this place.
 B = Non-inter-level travel time spent in this place.
 C = Inter-level travel time spent in this place.
 D = Time resting spent in this place.
 E = Time spent auto-exploring this place.
 F = Levels seen in this place.
 G = Mean time per level.
                   A        B        C        D        E       F      G
               +--------+--------+--------+--------+--------+-----+--------+
         Total |   1975 |   1921 |     54 |      0 |   1641 |   3 |  658.3 |
       Dungeon |   1975 |   1921 |     54 |      0 |   1641 |   3 |  658.3 |
               +--------+--------+--------+--------+--------+-----+--------+

Top non-repeatable levels by time:
     D:1: 1063 daAuts
     D:2: 911 daAuts
     D:3: 0 daAuts
